 Dungeon Crawl Stone Soup version 0.32-a0-314-g526f7d4 (webtiles) character file.

Game seed: 16505127669346488101

294 Anonymous1 the Ruffian (level 6, -8/53 HPs)
             Began as a Ghoul Monk on Feb 15, 2024.
             Mangled by an orc warrior
             ... wielding a +0 war axe
              (15 damage)
             ... on level 6 of the Dungeon.
             The game lasted 00:02:13 (1207 turns).

Anonymous1 the Ruffian (Ghoul Monk)                 Turns: 1207, Time: 00:02:14

Health: -8/53      AC:  6    Str: 17    XL:     6   Next: 34%
Magic:  6/6        EV: 10    Int:  9    God:
Gold:   40         SH:  0    Dex: 11    Spells: 5/5 levels left

rFire   . .          .
                       - Unarmed
rCold   + . .        c - orb {light}
rNeg    + + +        f - +0 scale mail
rPois   ∞            (no helmet)
rElec   .            (no cloak)
rCorr   .            (no gloves)
SInv    .            (no boots)
Will    .....        (no amulet) Stlth
                     (no ring)
HPRegen 0.00/turn    (no ring)
MPRegen 0.10/turn

%: no passive effects
@: inhibited regen, glowing
A: claws 1, cold resistance 1, negative energy resistance 3, inhibited
regeneration, torment resistance 2, devour on kill
a: no special abilities


You were on level 6 of the Dungeon.
You visited 1 branch of the dungeon, and saw 5 of its levels.

You collected 40 gold pieces.

Inventory:

Armour
 c - an orb of light (worn)
 f - a +0 scale mail (worn)
Scrolls
 e - a scroll of noise
Potions
 b - a potion of ambrosia
 d - 2 potions of curing


   Skills:
 + Level 4.4 Fighting
 + Level 0.9 Armour
 - Level 2.6 Dodging
 * Level 6.8 Unarmed Combat


You had 5 spell levels left.
You didn't know any spells.
Your spell library contained the following spells:

 Spells                   Type           Power      Damage    Failure   Level
 Fugue of the Fallen      Necr           0%         N/A       99%         3
 Ozocubu's Armour         Ice            0%         N/A       99%         3
 Manifold Assault         Tloc           0%         N/A       100%        4


Dungeon Overview and Level Annotations

Branches:
Dungeon (4/15)
 Temple: D:4-7

Altars:


Innate Abilities, Weirdness & Mutations

You are immune to poison.
You have sharp fingernails.
Your flesh is cold resistant. (rC+)
You are immune to negative energy. (rN+++)
You do not regenerate when monsters are visible.
You are immune to unholy pain and torment.
You thrive by killing the living.


Message History

The orc priest is severely wounded.
The orc priest calls down the wrath of Beogh upon you.
Beogh smites you!
Unknown command.
You scratch the orc priest but do no damage.
The orc priest is severely wounded.
The orc warrior barely misses you. The orc priest hits you with a +0 club.
* * * LOW HITPOINT WARNING * * *
Unknown command.
You barely miss the orc priest.
The orc priest is severely wounded.
The orc warrior hits you with a +0 war axe!
* * * LOW HITPOINT WARNING * * *
The orc priest barely misses you.
You claw the orc priest!
You kill the orc priest!
You feel better.
The orc warrior hits you with a +0 war axe!
* * * LOW HITPOINT WARNING * * *
Unknown command.
It was a potion of heal wounds.
You feel much better. The orc warrior barely misses you.
You barely miss the orc warrior.
The orc warrior hits you with a +0 war axe!
The orc closely misses you.
Sorry, you're not good enough to have a special ability.
You aren't carrying any items that you can evoke.
Unknown command.
Okay, then.
You scratch the orc warrior but do no damage.
The orc warrior hits you with a +0 war axe!
* * * LOW HITPOINT WARNING * * *
The orc hits you but does no damage.
You scratch the orc warrior.
The orc warrior is lightly wounded.
The orc warrior completely misses you. The orc closely misses you.
You scratch the orc warrior but do no damage.
The orc warrior is lightly wounded.
The orc warrior hits you with a +0 war axe!
You die...

#..# #..# #..#
##..## ##....##
##......##
###########
#...##...#
#.....o...#
#..####..#
#.....o@).#
#..####..#
#.######..#
#...##...# #.#
#..## ##........#
#.#
##..###..........
####.##
#..##...######..
#.....# ##.....##
##. ###.....#
##...## ##
.......o.# ##...#
#. ########.#
##...# #..


You could see an orc warrior and an orc.

Vanquished Creatures
  A centaur (D:6)
  An orc priest (D:6)
  2 bombardier beetles (D:4)
  A hound (D:4)
  3 adders
  A dart slug (D:1)
  2 orcs (D:4)
  4 ball pythons (D:4)
  3 endoplasms
  2 giant cockroaches
  6 goblins
  2 hobgoblins
  2 jackals (D:2)
  2 quokkas
  3 kobolds
  A rat (D:3)
36 creatures vanquished.

Notes
Turn   | Place    | Note
-------+----------+-------------------------------------------
     0 | D:1      | Anonymous1 the Ghoul Monk began the quest for the Orb.
     0 | D:1      | Reached XP level 1. HP: 19/19 MP: 1/1
    63 | D:1      | Reached XP level 2. HP: 26/26 MP: 2/2
    96 | D:2      | Reached skill level 4 in Unarmed Combat
    96 | D:2      | Reached XP level 3. HP: 24/33 MP: 3/3
   389 | D:4      | Reached XP level 4. HP: 40/40 MP: 4/4
   457 | D:4      | Reached skill level 5 in Unarmed Combat
   597 | D:4      | Reached XP level 5. HP: 29/46 MP: 5/5
   843 | D:4      | Reached skill level 6 in Unarmed Combat
   985 | D:4      | You fall into a shaft and drop 2 floors!
   998 | D:6      | Noticed a centaur
  1004 | D:6      | Killed a centaur
  1005 | D:6      | Reached XP level 6. HP: 30/53 MP: 6/6
  1168 | D:6      | Noticed an orc warrior
  1202 | D:6      | HP: 1/53 [orc warrior/+0 war axe (7)]
  1207 | D:6      | Mangled by an orc warrior

Illustrated notes

Levels and vault maps discovered:
D:1:      saegor_arrival_simple_b, layout_loops_ring
D:2:      layout_basic, shapermc_ecumenical_altar_gd, basic_altar, uniq_terence
D:3:      layout_basic, uniq_natasha
D:4:      layout_basic, grunt_ministairs_2
D:6:      layout_rooms, nicolae_overflow_crystal_walls,
          chequers_temple_overflow_minitemple, kennysheep_minor_cross,
          minmay_misc_feat_five, grunt_ministairs_2, minmay_misc_feat_tiny,
          nicolae_sextant, serial_library_regret_index_branch_corner

Skill      XL: |  1  2  3  4  5 |
---------------+----------------+-----
Unarmed Combat | 4 5 6 |  6.8
Fighting       | 4 |  4.4
Armour         | |  0.9
Dodging        | |  2.6

Action                     |  1- 3 |  4- 6 || total
---------------------------+-------+-------++-------
  Melee: Unarmed           |    57 |    52 ||   109
    Use: Scroll            |     2 |       ||     2
         Potion            |       |     1 ||     1
 Armour: Robe              |    11 |       ||    11
         Scale mail        |    10 |    32 ||    42
  Dodge: Dodged            |    36 |    23 ||    59

Table legend: (Time is in decaauts)
 A = Elapsed time spent in this place.
 B = Non-inter-level travel time spent in this place.
 C = Inter-level travel time spent in this place.
 D = Time resting spent in this place.
 E = Time spent auto-exploring this place.
 F = Levels seen in this place.
 G = Mean time per level.
                   A        B        C        D        E       F      G
               +--------+--------+--------+--------+--------+-----+--------+
         Total |   1196 |   1175 |     21 |      5 |    900 |   5 |  239.2 |
       Dungeon |   1196 |   1175 |     21 |      5 |    900 |   5 |  239.2 |
               +--------+--------+--------+--------+--------+-----+--------+

Top non-repeatable levels by time:
     D:4: 603 daAuts
     D:6: 219 daAuts
     D:3: 206 daAuts
     D:2: 90 daAuts
     D:1: 76 daAuts
